 Dungeon Crawl Stone Soup version 0.30-a0-354-g6b83867211 (webtiles) character file.

Game seed: 2244007944683098050

4319 Muataran the Grappler (level 10, -12/100 HPs)
             Began as a Troll Monk on Nov 7, 2022.
             Was an Initiate of Yredelemnul.
             Mangled by an orc warrior
             ... wielding a +0 battleaxe
              (16 damage)
             ... on level 9 of the Dungeon.
             The game lasted 00:15:48 (8388 turns).

Muataran the Grappler (Troll Monk)                  Turns: 8388, Time: 00:15:49

Health: -12/100    AC:  4    Str: 21    XL:     10   Next: 11%
Magic:  0/9        EV: 12    Int: 10    God:    Yredelemnul [......]
Gold:   319        SH:  0    Dex: 12    Spells: 9/9 levels left

rFire   . . .      SeeInvis .      - Unarmed
rCold   . . .      Faith    .    (no shield)
rNeg    . . .      Spirit   +    a - +0 robe
rPois   .          Reflect  .    (helmet restricted)
rElec   .          Harm     .    (no cloak)
rCorr   .          Rampage  .    (gloves unavailable)
Will    .....                    (boots unavailable)
Stlth   ++........               f - amulet of guardian spirit
HPRegen 1.16/turn                (no ring)
MPRegen 0.11/turn                (no ring)

@: no status effects
A: large, unfitting armour, claws 3, regeneration 1, shaggy fur 1, tough skin 1
a: Renounce Religion, Recall Undead Harvest


You were on level 9 of the Dungeon.
You worshipped Yredelemnul.
Yredelemnul was noncommittal.
You visited 1 branch of the dungeon, and saw 9 of its levels.
You also visited: Sewer.

You collected 358 gold pieces.
You spent 39 gold pieces at shops.

Inventory:

Missiles
 m - 8 boomerangs (quivered)
 n - 4 throwing nets
Armour
 a - a +0 robe (worn)
Jewellery
 f - an amulet of guardian spirit (around neck)
 g - an amulet of faith
 u - a ring of resist corrosion
 z - a ring of wizardry
Wands
 s - a wand of flame (17)
 y - a wand of charming (13)
 A - a wand of roots (11)
Scrolls
 b - a scroll of fear {unknown}
 c - 3 scrolls of amnesia
 e - 5 scrolls of noise
 h - 2 scrolls of magic mapping
 i - 2 scrolls of immolation
 p - a scroll of torment {unknown}
 t - 2 scrolls of teleportation
 v - 5 scrolls of identify
 w - 2 scrolls of silence {unknown}
 x - 2 scrolls of enchant weapon {unknown}
Potions
 d - a potion of heal wounds
 j - 3 potions of degeneration
 k - 2 potions of flight {unknown}
 l - 2 potions of attraction {unknown}
 o - a potion of lignification {unknown}
 q - 2 potions of haste {unknown}
 r - 3 potions of brilliance


   Skills:
 + Level 6.7 Fighting
 + Level 6.6 Dodging
 - Level 1.0 Stealth
 * Level 10.9 Unarmed Combat


You had 9 spell levels left.
You didn't know any spells.
Your spell library contained the following spells:

 Spells                   Type           Power      Damage    Failure   Level
 Apportation              Tloc           0%         N/A       36%         1
 Necrotise                Necr           0%         1d4       36%         1
 Sublimation of Blood     Necr           0%         N/A       50%         2
 Wereblood                Tmut           0%         N/A       50%         2
 Gell's Gravitas          Tloc           0%         N/A       75%         3
 Lesser Beckoning         Tloc           0%         N/A       75%         3
 Teleport Other           Tloc           0%         N/A       75%         3
 Vampiric Draining        Necr           0%         2d6       75%         3
 Agony                    Necr           0%         N/A       100%        5
 Alistair's Intoxication  Tmut/Pois      0%         N/A       100%        5
 Summon Hydra             Summ           0%         N/A       100%        7


Dungeon Overview and Level Annotations

Branches:
Dungeon (9/15)             Temple (0/1) D:7            Lair (0/5) D:8
  Sewer (visited)
    Orc: D:9-12

Altars:
Ashenzari
Cheibriados
Makhleb
Qazlal
Trog
Xom
Yredelemnul
Zin

Shops:
D:5 *

Annotations:
D:2 1 runed translucent door, Crazy Yiuf
D:7 exclusion: oklob sapling


Innate Abilities, Weirdness & Mutations

You are too large for most types of armour.
You have claws for hands.
Your natural rate of healing is unusually fast.
You are covered in fur. (AC +1)
You have tough skin. (AC +1)


Message History

Something hits you but does no damage. The orc warrior closely misses you.
The orc warrior hits your orc priest zombie with a +0 battleaxe!
The orc warrior hits your orc warrior zombie with a +0 battleaxe!
Your orc warrior zombie is destroyed!
The orc hits you with a +0 short sword.
Your orc priest zombie barely misses the orc.
You closely miss the orc warrior.
The orc warrior is almost dead.
Something hits you.
The orc warrior hits you with a +0 battleaxe!
* * * LOW HITPOINT WARNING * * *
The orc warrior hits your orc priest zombie with a +0 battleaxe!
Your orc priest zombie is destroyed!
The orc closely misses you.
You scratch the orc warrior.
The orc warrior is almost dead.
The orc warrior hits you with a +0 battleaxe!
* * * LOW HITPOINT WARNING * * *
Something hits you but does no damage. The orc misses you.
Unknown command.
Okay, then.
Unknown command.
Something hits you.
* * * LOW HITPOINT WARNING * * *
The orc attacks as you move away! The orc hits you with a +0 short sword.
* * * LOW HITPOINT WARNING * * *
Something hits you but does no damage. The orc attacks as you move away!
The orc barely misses you.
The orc warrior attacks as you move away!
The orc warrior hits you with a +0 battleaxe!
* * * LOW HITPOINT WARNING * * *
Something hits you but does no damage.
The orc warrior attacks as you move away!
The orc warrior barely misses you.
Things that are here:
a +1 dagger of venom; a +0 robe The orc warrior attacks as you move away!
The orc warrior hits you with a +0 battleaxe!
You die...
Your body rises from the dead as a mindless zombie.

#.......... #......#
#...)..# #......#
#.....># #......#
##...### ####o..##
##### ###.#@)...#
##...# #.'.#)###.#
##....###.#.#.#.#...
##.....##..#.#.#.#
#.#
##......##.##.#...#
.#
#.).....#..##.#.#.#
#......Z#.###...#...
+.......'.# #.###
### #....<..### #..


You could see an orc warrior.

Vanquished Creatures
  Pikel (D:4)
  Sigmund (D:6)
  4 yaks (D:8)
  Eustachio (D:5)
  A steam dragon (D:8)
  A water moccasin (D:6)
  2 orc warriors
  Pargi (Sewer)
  A black bear (D:8)
  2 ogres
  A centaur (D:9)
  A lemure (D:4)
  2 phantoms
  A bullfrog (D:7)
  5 necrophages
  3 scorpions (D:6)
  14 killer bees
  5 howler monkeys
  2 orc priests
  A hound (D:5)
  A jelly (D:4)
  An iguana (D:6)
  Ijyb (D:5)
  8 orc wizards
  Terence (D:3)
  8 adders
  3 gnolls (D:5)
  A shadow imp (D:7)
  A white imp (D:5)
  2 ufetubi (D:5)
  5 worms
  2 dart slugs
  17 orcs
  8 bats
  9 endoplasms
  5 giant cockroaches
  10 goblins
  6 hobgoblins
  12 kobolds
  7 quokkas
  3 ball pythons
  A frilled lizard (D:1)
  7 rats
169 creatures vanquished.

Vanquished Creatures (collateral kills)
  An orc wizard (D:5)
  4 orcs
  3 goblins
  2 kobolds (D:5)
  A ball python (D:4)
11 creatures vanquished.

Vanquished Creatures (others)
  A yak zombie (D:8)
  A centaur zombie (D:9)
  2 killer bee zombies
  A hound zombie (D:5)
  An adder zombie (D:4)
  A ball python zombie (D:4)
  An endoplasm zombie (D:4)
  A goblin zombie (D:4)
  A hobgoblin zombie (D:4)
  2 kobold zombies
  10 orc zombies
  A spectral ufetubus (D:5)
  10 plants (D:7)
33 creatures vanquished.

Grand Total: 213 creatures vanquished

Notes
Turn   | Place    | Note
-------+----------+-------------------------------------------
     0 | D:1      | Muataran the Troll Monk began the quest for the Orb.
     0 | D:1      | Reached XP level 1. HP: 22/22 MP: 0/0
   123 | D:1      | Reached XP level 2. HP: 29/29 MP: 1/1
   466 | D:1      | Found a faded altar of an unknown god.
   686 | D:1      | Reached XP level 3. HP: 36/36 MP: 2/2
  1257 | D:2      | Reached skill level 4 in Unarmed Combat
  1480 | D:2      | Identified the +4 hammer of Ifeud {vorpal, Dex+5}
  1483 | D:2      | Found a runed translucent door.
  1484 | D:2      | Noticed Crazy Yiuf
  1953 | D:2      | Reached XP level 4. HP: 11/44 MP: 3/3
  2230 | D:3      | Noticed Terence
  2236 | D:3      | Killed Terence
  2249 | D:3      | Found a glowing drain.
  2272 | Sewer    | Entered a sewer
  2300 | Sewer    | Noticed Pargi
  2322 | Sewer    | Killed Pargi
  2323 | Sewer    | Reached XP level 5. HP: 29/53 MP: 4/4
  2458 | D:3      | Reached skill level 5 in Unarmed Combat
  2759 | D:3      | Found a burning altar of Makhleb.
  2759 | D:3      | Found a broken altar of Ashenzari.
  2760 | D:3      | Found a basalt altar of Yredelemnul.
  2763 | D:3      | Found a shimmering altar of Xom.
  2790 | D:3      | Became a worshipper of Yredelemnul the Dark
  2790 | D:3      | Reached * piety under Yredelemnul
  3236 | D:4      | Reached XP level 6. HP: 51/61 MP: 5/5
  3400 | D:4      | Noticed Pikel
  3460 | D:4      | Killed Pikel
  3461 | D:4      | Reached skill level 6 in Unarmed Combat
  3461 | D:4      | Reached XP level 7. HP: 14/70 MP: 6/6
  3821 | D:4      | Identified the +4 ring mail of Myxitzu {-Tele rCorr Int+4}
  3897 | D:4      | Found a stormy altar of Qazlal.
  4076 | D:5      | Entered Level 5 of the Dungeon
  4122 | D:5      | Reached skill level 7 in Unarmed Combat
  4161 | D:5      | Reached XP level 8. HP: 77/79 MP: 7/7
  4262 | D:5      | Found Ediblato's General Store.
  4270 | D:5      | Bought a scroll of teleportation for 39 gold pieces
  4285 | D:5      | Found a bloodstained altar of Trog.
  4367 | D:5      | Noticed Eustachio
  4369 | D:5      | Reached ** piety under Yredelemnul
  4390 | D:5      | Killed Eustachio
  4481 | D:5      | Reached skill level 5 in Fighting
  4481 | D:5      | Reached skill level 8 in Unarmed Combat
  4527 | D:5      | Reached skill level 5 in Dodging
  4600 | D:5      | Noticed Ijyb
  4607 | D:5      | Killed Ijyb
  5253 | D:6      | Reached XP level 9. HP: 86/88 MP: 8/8
  5341 | D:6      | Reached skill level 9 in Unarmed Combat
  5383 | D:6      | Noticed Sigmund
  5398 | D:6      | Killed Sigmund
  6038 | D:6      | Found a snail-covered altar of Cheibriados.
  6221 | D:7      | Found a staircase to the Ecumenical Temple.
  7256 | D:8      | Reached skill level 10 in Unarmed Combat
  7688 | D:8      | Found a glowing silver altar of Zin.
  7721 | D:8      | Reached XP level 10. HP: 93/100 MP: 9/9
  7727 | D:8      | Found a staircase to the Lair.
  8385 | D:9      | HP: 1/100 [orc warrior/+0 battleaxe (13)]
  8388 | D:9      | Mangled by an orc warrior

Illustrated notes

Levels and vault maps discovered:
D:1:      denvon_arrival_planthouse, layout_loops_corners,
          basic_ecumenical_altar
D:2:      minmay_angry_zag, layout_loops_ring, minmay_misc_feat_doors,
          minmay_misc_feat_iff, kennysheep_generic_room_9,
          uniq_crazy_yiuf_cottage
D:3:      layout_loops_ring, minitemple, cheibrodos_sewer_entry_bend,
          uniq_terence
D:4:      layout_basic, mainiacjoe_overflow_alcove_4, uniq_pikel
D:5:      layout_basic, trog_hazing_becter, serial_shops, shop, uniq_ijyb,
          uniq_eustachio
D:6:      layout_layer_cave, kennysheep_mini_moat, uniq_sigmund
D:7:      layout_basic, minmay_temple_entry_oklob
D:8:      layout_loops_ring, nicolae_overflow_hidden_temple, lair_entry_dummy,
          kennysheep_nondescript
D:9:      layout_roguey, vehumet_crystals, hiddenorc1_lemuel, corner_web_ring

Skill      XL: |  1  2  3  4  5  6  7  8  9 |
---------------+----------------------------+-----
Unarmed Combat | 4 5 6 7 8 10 | 10.9
Fighting       | 3 4 5 6 |  6.7
Dodging        | 3 4 5 6 |  6.6
Stealth        | |  1.0

Action                   |  1- 3 |  4- 6 |  7- 9 | 10-12 || total
-------------------------+-------+-------+-------+-------++-------
Melee: Unarmed           |    99 |   123 |   298 |    47 ||   567
       Punch             |     3 |     3 |    15 |       ||    21
Invok: Recall Undead Har |       |     1 |     5 |       ||     6
  Use: Scroll            |     5 |     2 |     2 |       ||     9
       Potion            |       |     3 |     3 |       ||     6
 Stab: Sleeping          |     9 |     1 |       |       ||    10
       Distracted        |       |       |     4 |       ||     4
Armor: Robe              |    28 |    43 |    73 |    13 ||   157
Dodge: Dodged            |    46 |    70 |   157 |    44 ||   317

Table legend: (Time is in decaauts)
 A = Elapsed time spent in this place.
 B = Non-inter-level travel time spent in this place.
 C = Inter-level travel time spent in this place.
 D = Time resting spent in this place.
 E = Time spent auto-exploring this place.
 F = Levels seen in this place.
 G = Mean time per level.
                   A        B        C        D        E       F      G
               +--------+--------+--------+--------+--------+-----+--------+
         Total |   8328 |   7903 |    425 |    348 |   6299 |  10 |  832.8 |
       Dungeon |   8220 |   7795 |    425 |    348 |   6241 |   9 |  913.3 |
         Sewer |    108 |    108 |      0 |      0 |     58 |   1 |  108.0 |
               +--------+--------+--------+--------+--------+-----+--------+

Top non-repeatable levels by time:
     D:6: 1365 daAuts
     D:2: 1364 daAuts
     D:7: 1156 daAuts
     D:8: 957 daAuts
     D:4: 949 daAuts
     D:1: 849 daAuts
     D:3: 800 daAuts
     D:5: 648 daAuts
     D:9: 127 daAuts
   Sewer: 108 daAuts
